 Dungeon Crawl Stone Soup version 0.29.1-1-gd02db69 (webtiles) character file.

Game seed: 17574728687778029580

1891 Bazzalis the Grappler (level 9, -6/51 HPs)
             Began as a Gargoyle Fighter on Mar 1, 2023.
             Was an Elder of Okawaru.
             Killed by divine providence
             ... invoked by an orc priest
              (13 damage)
             ... on level 7 of the Dungeon.
             The game lasted 00:20:20 (6294 turns).

Bazzalis the Grappler (Gargoyle Fighter)            Turns: 6294, Time: 00:20:20

Health: -6/51      AC: 14    Str: 29    XL:     9   Next: 15%
Magic:  9/13       EV: 10    Int: 13    God:    Okawaru [****..]
Gold:   371        SH: 11    Dex:  9    Spells: 13/14 levels left

rFire   . . .      SeeInvis .     - Unarmed
rCold   . . .      Faith    .   o - +0 kite shield
rNeg    + . .      Spirit   .   a - +0 scale mail
rPois   ∞          Reflect  .   (no helmet)
rElec   +          Harm     .   (no cloak)
rCorr   +          Rampage  .   (no gloves)
Will    .....                   (no boots)
Stlth   +.........              w - amulet "Nualuas" {RegenMP rCorr Int+3}
HPRegen 0.17/turn               f - +4 ring of slaying
MPRegen 0.53/turn               k - +6 ring of strength

@: heroic, finesse-ful
A: sickness immunity, AC +6, negative energy resistance 1, electricity
resistance, torment resistance 1, petrification resistance
a: Renounce Religion, Heroism, Finesse


You were on level 7 of the Dungeon.
You worshipped Okawaru.
Okawaru was greatly pleased with you.
You visited 1 branch of the dungeon, and saw 7 of its levels.

You collected 371 gold pieces.

Inventory:

Missiles
 u - 8 poisoned darts (quivered)
 v - 5 javelins
 z - 7 atropa-tipped darts
Armour
 a - a +0 scale mail (worn)
 o - a +0 kite shield (worn)
 G - a +0 pair of gloves
Jewellery
 f - a +4 ring of slaying (left hand)
 g - a +6 ring of dexterity
 k - a +6 ring of strength (right hand)
 q - a ring of willpower
 w - the amulet "Nualuas" (around neck) {RegenMP rCorr Int+3}
   (You found it on level 5 of the Dungeon)

   [amulet of magic regeneration]

   It increases your rate of magic regeneration.
   Int:       It affects your intelligence (+3).
   rCorr:     It protects you from acid and corrosion.
 A - a ring of magical power
 C - a +4 ring of protection
Wands
 t - a wand of flame (23)
Scrolls
 e - 11 scrolls of identify {unknown}
 j - a scroll of amnesia {unknown}
 l - a scroll of immolation {unknown}
 m - a scroll of vulnerability {unknown}
 n - a scroll of noise {unknown}
 p - a scroll of teleportation {unknown}
 r - 3 scrolls of enchant weapon {unknown}
 x - a scroll of enchant armour {unknown}
 y - a scroll of magic mapping {unknown}
Potions
 b - a potion of cancellation {unknown}
 c - 3 potions of might
 d - 4 potions of heal wounds {unknown}
 h - 4 potions of curing {unknown}
 i - 3 potions of attraction {unknown}
 s - 3 potions of brilliance {unknown}
 B - 2 potions of lignification {unknown}
 D - a potion of berserk rage {unknown}
 E - 3 potions of mutation {unknown}
 F - a potion of magic {unknown}
 H - a potion of haste


   Skills:
 - Level 3.2(8.2) Fighting
 - Level 3.2(8.2) Armour
 + Level 6.6(11.6) Shields
 * Level 8.4(13.4) Unarmed Combat
 + Level 3.0 Spellcasting
 + Level 2.7 Transmutations
 + Level 3.7 Invocations


You had 13 spell levels left.
You knew the following spells:

 Your Spells              Type           Power      Damage    Failure   Level
a - Beastly Appendage     Tmut           18%        N/A       30%         1

Your spell library contained the following spells:

 Spells                   Type           Power      Damage    Failure   Level
 Wereblood                Tmut           9%         N/A       43%         2
 Shock                    Conj/Air       8%         1d3       67%         1
 Spider Form              Tmut/Pois      5%         N/A       85%         3
 Dazzling Flash           Conj/Hex       4%         N/A       95%         3
 Gell's Gravitas          Tloc           2%         N/A       95%         3
 Swiftness                Air            2%         N/A       95%         3
 Teleport Other           Tloc           2%         N/A       95%         3
 Airstrike                Air            1%         2d(1-17)  100%        4
 Agony                    Necr           2%         N/A       100%        5
 Silence                  Hex/Air        1%         N/A       100%        5
 Dispersal                Tloc           1%         N/A       100%        6


Dungeon Overview and Level Annotations

Branches:
Dungeon (7/15)             Temple (0/1) D:4

Altars:
Okawaru
Qazlal


Innate Abilities, Weirdness & Mutations

You are immune to sickness and miasma.
Your stone body is resilient. (AC +6)
You are immune to poison.
You resist negative energy. (rN+)
You are resistant to electric shocks. (rElec)
You are resistant to unholy torment.
You are immune to petrification.


Message History

You barely miss the vampire mosquito. The vampire mosquito bites you.
The vampire mosquito bites you but does no damage.
You barely miss the vampire mosquito. The vampire mosquito bites you.
The vampire mosquito bites you!
You closely miss the vampire mosquito.
You block the vampire mosquito's attack.
You pummel the vampire mosquito!!
The vampire mosquito is almost destroyed.
The vampire mosquito bites you!
You block the vampire mosquito's attack.
You closely miss the vampire mosquito.
The vampire mosquito is almost destroyed.
You block the vampire mosquito's attack.
The vampire mosquito bites you but does no damage.
You hit the vampire mosquito.
The vampire mosquito is almost destroyed.
The vampire mosquito barely misses you.
You block the vampire mosquito's attack.
You can now deal lightning-fast blows.
You can no longer speed up your combat.
The vampire mosquito bites you!
You hit the vampire mosquito but do no damage.
The vampire mosquito is almost destroyed.
The vampire mosquito barely misses you.
You barely miss the vampire mosquito.
The vampire mosquito is almost destroyed.
You block the vampire mosquito's attack.
You closely miss the vampire mosquito.
The vampire mosquito is almost destroyed.
You block the vampire mosquito's attack.
You closely miss the vampire mosquito.
The vampire mosquito is almost destroyed.
The vampire mosquito bites you!
* * * LOW HITPOINT WARNING * * *
You hit the vampire mosquito.
You destroy the vampire mosquito!
Okawaru accepts your kill.
You can now speed up your combat.
The orc priest mumbles some strange prayers to Beogh against you.
Beogh smites you!
You die...

##....#.......##########
#o####.....#.#.....##........
.....o.............~..#....#†
#######..#.##.#######..#....#.
#P.u. #.##.#..# #..#....#.
#.###.#.##..#.# #..#....#.
+)#.'..#.#o.# #..#....#.
#.###.#.#..o#u# #..#....#.
#P...P#.#..##@# #..#....#.
##### #.#.#.#.# ##.## #.
..#####.. y..# #. ##. ..##
##..# #####. . .#.y ...#
#.†... # .# ##.###..# #.#### #
y....###.# #.#.##.h# #.....##


You could see a brown ugly thing and an orc priest.

Vanquished Creatures
  A vampire mosquito (D:7)
  Menkaure (D:7)
  A water moccasin (D:5)
  A sky beast (D:7)
  3 ice beasts
  2 phantoms (D:5)
  A kobold brigand (D:5)
  2 bullfrogs
  2 scorpions (D:5)
  10 killer bees
  A howler monkey (D:6)
  A jelly (D:6)
  An orc priest (D:6)
  A hound (D:7)
  3 orc wizards
  An iguana (D:4)
  7 gnolls
  5 adders
  2 shadow imps
  An ufetubus (D:5)
  A worm (D:2)
  3 dart slugs
  5 orcs (D:6)
  9 endoplasms
  A giant cockroach (D:2)
  4 goblins
  3 hobgoblins
  4 kobolds
  2 quokkas
  4 ball pythons
  5 bats
  A frilled lizard (D:1)
  8 rats
97 creatures vanquished.

Notes
Turn   | Place    | Note
-------+----------+-------------------------------------------
     0 | D:1      | Bazzalis the Gargoyle Fighter began the quest for the Orb.
     0 | D:1      | Reached XP level 1. HP: 14/14 MP: 1/1
   287 | D:1      | Found a faded altar of an unknown god.
   292 | D:1      | Reached XP level 2. HP: 19/19 MP: 2/2
   296 | D:1      | Prayed at the altar of an unknown god.
   296 | D:1      | Became a worshipper of Warmaster Okawaru
   296 | D:1      | Reached * piety under Okawaru
   771 | D:1      | Reached skill level 3 in Unarmed Combat
  1305 | D:2      | Reached XP level 3. HP: 23/23 MP: 3/3
  2083 | D:3      | Reached XP level 4. HP: 25/28 MP: 4/4
  2084 | D:3      | Reached skill level 4 in Unarmed Combat
  2384 | D:4      | Found a staircase to the Ecumenical Temple.
  2720 | D:4      | Reached XP level 5. HP: 18/32 MP: 5/5
  3305 | D:5      | Entered Level 5 of the Dungeon
  3338 | D:5      | Reached skill level 5 in Unarmed Combat
  3345 | D:5      | Reached ** piety under Okawaru
  3346 | D:5      | Reached XP level 6. HP: 22/37 MP: 6/6
  3363 | D:5      | Reached skill level 5 in Shields
  3363 | D:5      | Reached skill level 6 in Unarmed Combat
  3592 | D:5      | Noticed an ice beast
  3602 | D:5      | Killed an ice beast
  3603 | D:5      | Reached XP level 7. HP: 41/41 MP: 7/7
  3622 | D:5      | Learned a level 1 spell: Beastly Appendage
  3707 | D:5      | Identified the amulet "Nualuas" {RegenMP rCorr Int+3}
  3786 | D:5      | Reached skill level 1 in Invocations
  3852 | D:5      | Reached skill level 1 in Spellcasting
  3882 | D:5      | Reached *** piety under Okawaru
  3883 | D:5      | Reached skill level 1 in Transmutations
  4166 | D:5      | Reached skill level 7 in Unarmed Combat
  4176 | D:5      | Reached XP level 8. HP: 34/46 MP: 8/10
  4635 | D:6      | Found a stormy altar of Qazlal.
  5701 | D:7      | Noticed Menkaure
  5708 | D:7      | Killed Menkaure
  5709 | D:7      | Reached skill level 8 in Unarmed Combat
  5782 | D:7      | Reached **** piety under Okawaru
  5909 | D:7      | Reached XP level 9. HP: 28/51 MP: 13/13
  6267 | D:7      | Noticed a brown ugly thing
  6267 | D:7      | Noticed a boulder beetle
  6294 | D:7      | Killed from afar by an orc priest

Illustrated notes

Levels and vault maps discovered:
D:1:      minmay_arrival_five_plusses, layout_basic,
          hellmonk_ecumenical_altar_slurped_away, nrook_campfire,
          amcnicky_mini_pool_small, chequers_mini_garden
D:2:      wander_river, layout_basic
D:3:      layout_rooms, hangedman_decor_growths
D:4:      layout_loops_cross, temple_fountains, dk_noncrumbling_3
D:5:      layout_loops_ring, serial_glass, glass_columns_c, glass_columns_a,
          kennysheep_generic_room_5
D:6:      layout_rooms, mainiacjoe_overflow_brackets, serial_co_window_serial,
          co_window_paths_a, co_window_corner_a, co_window_paths_b,
          co_window_of_opportunity_a, co_window_paths_a, co_window_corner_cb,
          co_window_paths_c, co_window_paths_c, co_window_of_opportunity_b,
          co_window_unsneaky_path_d, co_window_sun, glass_columns_a,
          glass_columns_b, glass_columns_b, glass_columns_b,
          corexii_item_surrounded_by_moat
D:7:      layout_basic, ashenzari_altar_1, minmay_shattered_shrine,
          uniq_menkaure

Skill      XL: |  1  2  3  4  5  6  7  8  9 |
---------------+----------------------------+-----
Unarmed Combat | 3 4 5 6 7 8 |  8.4
Shields        | 4 5 6 |  6.6
Invocations    | 1 3 |  3.7
Spellcasting   | 1 2 3 |  3.0
Transmutations | 1 2 |  2.7
Fighting       | |  3.2
Armour         | |  3.2

Action                   |  1- 3 |  4- 6 |  7- 9 || total
-------------------------+-------+-------+-------++-------
Melee: Unarmed           |    98 |    83 |   199 ||   380
Invok: Heroism           |       |       |     1 ||     1
       Finesse           |       |       |     1 ||     1
Armor: Scale mail        |    30 |    40 |    71 ||   141
Dodge: Dodged            |    23 |    22 |    58 ||   103
Block: Buckler           |     7 |       |       ||     7
       Kite shield       |    17 |    45 |    83 ||   145
